[ AOE2 MATCH · #469301921 ]
UnrankedTurks vs Japanese
[ REPLAY ANALYSIS · EXTRACTED FROM THE RECORDED GAME ]
Feudal
11:02
Castle
14:57
Imperial
27:48
| APM avg | 21.1 |
| APM peak | 42 |
| eAPM avg | 13.2 |
| Villagers / military | 134 / 107 |
Focus
⚔️ 27.7% · 🌾 72.3%
Scout Cavalry ×54 · Cavalry Archer ×47 · Monk ×3 · Bombard Cannon ×3
Feudal
9:07
Castle
18:02
Imperial
24:30
| APM avg | 33.8 |
| APM peak | 88 |
| eAPM avg | 18.0 |
| Villagers / military | 119 / 71 |
Focus
⚔️ 21.9% · 🌾 78.1%
Chu Ko Nu ×65 · Trebuchet (Packed) ×3 · Iron Pagoda ×2 · Battering Ram ×1
Feudal
10:59
Castle
14:51
Imperial
28:40
| APM avg | 38.1 |
| APM peak | 82 |
| eAPM avg | 19.7 |
| Villagers / military | 122 / 76 |
Focus
⚔️ 18.8% · 🌾 81.2%
Cavalry Archer ×70 · Trebuchet (Packed) ×4 · Monk ×2
Feudal
9:58
Castle
13:18
Imperial
26:41
| APM avg | 25.7 |
| APM peak | 50 |
| eAPM avg | 18.5 |
| Villagers / military | 151 / 96 |
Focus
⚔️ 29.0% · 🌾 71.0%
Scout Cavalry ×62 · Ballista Elephant ×21 · Trebuchet (Packed) ×8 · Monk ×3 · Battle Elephant ×2
Feudal
11:46
Castle
15:43
Imperial
28:50
| APM avg | 33.3 |
| APM peak | 73 |
| eAPM avg | 13.9 |
| Villagers / military | 112 / 30 |
Focus
⚔️ 16.9% · 🌾 83.1%
Mangudai ×16 · Mangonel ×10 · Trebuchet (Packed) ×3 · Monk ×1
Feudal
11:24
Castle
15:02
Imperial
28:16
| APM avg | 28.1 |
| APM peak | 70 |
| eAPM avg | 16.2 |
| Villagers / military | 112 / 32 |
Focus
⚔️ 23.9% · 🌾 76.1%
Hussite Wagon ×23 · Monk ×4 · Mangonel ×4 · Bombard Cannon ×1
Feudal
7:21
Castle
31:12
Imperial
—
| APM avg | 33.9 |
| APM peak | 78 |
| eAPM avg | 21.6 |
| Villagers / military | 104 / 19 |
Focus
⚔️ 27.3% · 🌾 72.7%
Battering Ram ×10 · Petard ×4 · Mangudai ×4 · Mangonel ×1
Feudal
9:27
Castle
—
Imperial
—
| APM avg | 34.9 |
| APM peak | 92 |
| eAPM avg | 19.7 |
| Villagers / military | 56 / 0 |
Focus
⚔️ 31.1% · 🌾 68.9%
Match map
Initial resources + every placement click. Lines = walls · curves = elevation contours. ◆ gold · ⬟ stone · ● berries · ✦ relic · ◌ wall gap
Inputs per minute
— 黑石塔 - - Di Dân Về Đau
Build order — 黑石塔
First 150 of 259 actions detected
| 0:03 | Create | Villager (Male) |
| 0:05 | Build | House |
| 0:06 | Build | House |
| 0:13 | Create | Villager (Male) ×3 |
| 1:30 | Create | Villager (Male) |
| 1:53 | Create | Villager (Male) |
| 2:12 | Build | Lumber Camp |
| 2:33 | Create | Villager (Male) |
| 2:53 | Create | Villager (Male) |
| 2:58 | Create | Villager (Male) |
| 3:06 | Build | House |
| 3:07 | Build | House |
| 3:49 | Create | Villager (Male) |
| 3:55 | Build | House |
| 3:56 | Build | House |
| 4:04 | Create | Villager (Male) |
| 4:41 | Create | Villager (Male) |
| 5:05 | Create | Villager (Male) |
| 5:23 | Create | Villager (Male) |
| 5:31 | Build | Mill |
| 5:46 | Create | Villager (Male) ×2 |
| 6:20 | Create | Villager (Male) |
| 6:29 | Build | Mining Camp |
| 7:09 | Create | Villager (Male) |
| 7:11 | Create | Villager (Male) |
| 7:12 | Create | Villager (Male) |
| 7:13 | Create | Villager (Male) |
| 8:12 | Build | Farm |
| 8:14 | Build | Farm |
| 8:16 | Build | Farm |
| 8:52 | Research | Feudal Age |
| 9:19 | Create | Villager (Male) |
| 9:20 | Create | Villager (Male) |
| 11:02 | Age | Feudal Age |
| 11:09 | Build | Market |
| 11:13 | Build | Blacksmith |
| 11:51 | Create | Villager (Male) |
| 12:03 | Build | Lumber Camp |
| 12:17 | Research | Castle Age |
| 12:43 | Research | Double-Bit Axe |
| 13:08 | Research | Horse Collar |
| 14:24 | Create | Villager (Male) |
| 14:24 | Create | Villager (Male) |
| 14:57 | Age | Castle Age |
| 15:05 | Build | Town Center |
| 15:09 | Build | Town Center |
| 15:14 | Research | Bow Saw |
| 15:43 | Create | Villager (Male) |
| 15:43 | Create | Villager (Male) |
| 15:45 | Build | Farm |
| 16:04 | Build | Farm |
| 16:20 | Build | Farm |
| 16:33 | Create | Villager (Male) |
| 16:38 | Build | Farm |
| 16:41 | Build | Farm |
| 16:42 | Build | Farm |
| 16:45 | Build | Farm |
| 16:50 | Research | Wheelbarrow |
| 16:51 | Create | Villager (Male) |
| 16:54 | Build | Farm |
| 17:11 | Build | Farm |
| 17:12 | Build | Farm |
| 17:14 | Build | Farm |
| 17:15 | Create | Villager (Male) |
| 17:22 | Build | House |
| 17:23 | Build | House |
| 17:24 | Build | House |
| 17:41 | Create | Villager (Male) |
| 17:44 | Build | Farm |
| 17:50 | Create | Villager (Male) |
| 17:50 | Create | Villager (Male) |
| 18:18 | Create | Villager (Male) ×2 |
| 18:24 | Create | Villager (Male) |
| 18:26 | Build | Farm |
| 18:28 | Build | Farm |
| 18:31 | Create | Villager (Male) |
| 18:34 | Build | Farm |
| 18:34 | Build | Farm |
| 18:36 | Build | Farm |
| 18:37 | Create | Villager (Male) |
| 18:50 | Create | Villager (Male) |
| 18:58 | Create | Villager (Male) |
| 19:03 | Build | Mining Camp |
| 19:13 | Build | Farm |
| 19:15 | Build | Farm |
| 19:21 | Build | Farm |
| 19:22 | Create | Villager (Male) ×2 |
| 19:42 | Create | Villager (Male) ×3 |
| 20:03 | Create | Villager (Male) ×3 |
| 20:03 | Create | Villager (Male) ×3 |
| 20:14 | Create | Villager (Male) |
| 20:22 | Build | Farm |
| 20:23 | Build | Farm |
| 20:24 | Build | Farm |
| 20:24 | Build | Mill |
| 20:25 | Build | Farm |
| 20:27 | Build | Farm |
| 20:27 | Build | Farm |
| 20:28 | Build | Farm |
| 20:29 | Build | Farm |
| 20:33 | Create | Villager (Male) ×3 |
| 20:33 | Create | Villager (Male) |
| 20:36 | Build | Farm |
| 20:37 | Build | Farm |
| 20:43 | Create | Villager (Male) |
| 20:51 | Build | House |
| 20:51 | Build | House |
| 20:52 | Build | House |
| 21:24 | Create | Villager (Male) ×5 |
| 21:24 | Create | Villager (Male) ×5 |
| 21:57 | Create | Villager (Male) ×5 |
| 21:57 | Create | Villager (Male) ×2 |
| 21:57 | Create | Villager (Male) ×2 |
| 22:00 | Build | Monastery |
| 22:05 | Build | Monastery |
| 22:06 | Build | House |
| 22:10 | Create | Villager (Male) ×4 |
| 22:20 | Build | University |
| 22:22 | Build | House |
| 22:34 | Create | Villager (Male) ×4 |
| 23:03 | Create | Monk |
| 23:09 | Create | Monk |
| 23:53 | Build | House |
| 23:53 | Build | House |
| 23:54 | Build | House |
| 23:55 | Build | House |
| 23:57 | Create | Monk |
| 24:38 | Research | Imperial Age |
| 24:39 | Research | Loom |
| 24:40 | Research | Hand Cart |
| 24:44 | Create | Villager (Male) ×4 |
| 24:56 | Build | Barracks |
| 25:03 | Create | Villager (Male) ×5 |
| 25:16 | Build | Farm |
| 25:17 | Build | Farm |
| 25:19 | Build | Farm |
| 25:21 | Build | Farm |
| 25:22 | Build | Mill |
| 25:22 | Build | Farm |
| 25:23 | Build | Farm |
| 25:25 | Build | Farm |
| 25:26 | Build | Farm |
| 25:27 | Build | Farm |
| 25:29 | Build | Farm |
| 25:30 | Build | Farm |
| 25:31 | Build | Farm |
| 25:32 | Build | Mill |
| 26:08 | Build | House |
| 26:08 | Build | House |
| 26:09 | Build | House |
Build order — Di Dân Về Đau
First 150 of 298 actions detected
| 0:03 | Research | Loom |
| 1:01 | Create | Villager (Male) |
| 1:27 | Create | Villager (Male) |
| 1:48 | Create | Villager (Male) |
| 1:49 | Create | Villager (Male) |
| 2:16 | Create | Villager (Male) |
| 2:18 | Build | Lumber Camp |
| 2:45 | Create | Villager (Male) |
| 2:45 | Create | Villager (Male) |
| 3:06 | Create | Villager (Male) |
| 3:06 | Create | Villager (Male) |
| 3:07 | Create | Villager (Male) |
| 3:30 | Create | Villager (Male) |
| 3:43 | Build | House |
| 3:49 | Create | Villager (Male) |
| 4:46 | Create | Villager (Male) |
| 4:47 | Create | Villager (Male) |
| 4:47 | Create | Villager (Male) |
| 5:18 | Build | Mill |
| 6:02 | Create | Villager (Male) |
| 6:02 | Create | Villager (Male) |
| 6:31 | Build | Mining Camp |
| 6:57 | Research | Feudal Age |
| 8:31 | Build | House |
| 8:42 | Build | Lumber Camp |
| 8:58 | Create | Villager (Male) |
| 8:58 | Create | Villager (Male) |
| 9:07 | Age | Feudal Age |
| 9:20 | Build | Blacksmith |
| 9:21 | Create | Villager (Male) |
| 9:35 | Research | Double-Bit Axe |
| 9:35 | Research | Double-Bit Axe |
| 9:58 | Research | Horse Collar |
| 10:05 | Build | House |
| 10:17 | Create | Villager (Male) |
| 10:18 | Create | Villager (Male) |
| 10:37 | Build | House |
| 10:43 | Build | Farm |
| 10:52 | Build | Farm |
| 11:01 | Create | Villager (Male) |
| 11:01 | Create | Villager (Male) |
| 11:07 | Build | House |
| 11:17 | Build | Farm |
| 11:22 | Build | Farm |
| 11:42 | Build | House |
| 11:49 | Create | Villager (Male) |
| 11:51 | Build | Farm |
| 11:53 | Build | Farm |
| 12:16 | Create | Villager (Male) |
| 12:22 | Build | Farm |
| 12:24 | Build | Farm |
| 12:28 | Create | Villager (Male) |
| 12:34 | Build | Mining Camp |
| 13:11 | Create | Villager (Male) |
| 13:21 | Build | Farm |
| 13:45 | Build | Farm |
| 14:15 | Build | Market |
| 14:17 | Create | Villager (Male) |
| 14:42 | Create | Villager (Male) |
| 15:22 | Research | Castle Age |
| 17:48 | Create | Villager (Male) |
| 17:48 | Create | Villager (Male) |
| 17:48 | Create | Villager (Male) |
| 17:55 | Research | Gold Mining |
| 18:02 | Age | Castle Age |
| 19:20 | Create | Villager (Male) |
| 19:21 | Create | Villager (Male) |
| 20:12 | Build | Castle |
| 20:21 | Create | Villager (Male) |
| 20:22 | Create | Villager (Male) |
| 20:57 | Build | Palisade Wall |
| 21:10 | Build | Building 796 |
| 21:20 | Research | Imperial Age |
| 21:20 | Research | Imperial Age |
| 21:23 | Create | Chu Ko Nu |
| 21:24 | Create | Chu Ko Nu |
| 21:24 | Create | Chu Ko Nu |
| 21:24 | Create | Chu Ko Nu |
| 21:25 | Create | Chu Ko Nu |
| 21:25 | Create | Chu Ko Nu |
| 21:31 | Build | Siege Workshop |
| 21:35 | Build | Mining Camp |
| 21:52 | Build | Town Center |
| 22:04 | Research | Bow Saw |
| 22:08 | Create | Battering Ram |
| 22:29 | Research | Fletching |
| 22:41 | Create | Chu Ko Nu |
| 22:42 | Create | Chu Ko Nu |
| 22:42 | Create | Chu Ko Nu |
| 23:11 | Create | Chu Ko Nu |
| 23:11 | Create | Chu Ko Nu |
| 23:11 | Create | Chu Ko Nu |
| 23:12 | Create | Chu Ko Nu |
| 23:16 | Research | Bodkin Arrow |
| 23:16 | Research | Bodkin Arrow |
| 23:58 | Create | Villager (Male) |
| 23:59 | Create | Villager (Male) |
| 23:59 | Create | Villager (Male) |
| 24:14 | Create | Chu Ko Nu |
| 24:14 | Create | Chu Ko Nu |
| 24:15 | Create | Chu Ko Nu |
| 24:27 | Build | University |
| 24:30 | Age | Imperial Age |
| 24:32 | Create | Trebuchet (Packed) |
| 24:46 | Create | Villager (Male) |
| 24:47 | Create | Villager (Male) |
| 24:54 | Create | Villager (Male) |
| 24:57 | Create | Chu Ko Nu |
| 24:58 | Create | Chu Ko Nu |
| 25:01 | Create | Trebuchet (Packed) |
| 25:28 | Create | Iron Pagoda |
| 25:39 | Research | Padded Archer Armor |
| 25:41 | Create | Villager (Male) |
| 25:43 | Build | Farm |
| 25:44 | Build | Farm |
| 25:54 | Create | Villager (Male) |
| 26:26 | Create | Chu Ko Nu |
| 26:27 | Create | Chu Ko Nu |
| 26:27 | Create | Chu Ko Nu |
| 26:27 | Create | Chu Ko Nu |
| 26:28 | Create | Chu Ko Nu |
| 27:08 | Create | Chu Ko Nu |
| 27:09 | Create | Chu Ko Nu |
| 27:09 | Create | Chu Ko Nu |
| 27:30 | Create | Iron Pagoda |
| 27:31 | Create | Chu Ko Nu |
| 27:31 | Create | Chu Ko Nu |
| 27:46 | Create | Chu Ko Nu |
| 27:46 | Create | Chu Ko Nu |
| 28:03 | Create | Chu Ko Nu |
| 28:03 | Create | Chu Ko Nu |
| 28:04 | Create | Chu Ko Nu |
| 28:10 | Create | Villager (Male) |
| 28:11 | Create | Villager (Male) |
| 28:11 | Create | Villager (Male) |
| 28:11 | Create | Villager (Male) |
| 28:12 | Create | Villager (Male) |
| 28:14 | Build | Farm |
| 28:21 | Research | Chemistry |
| 28:21 | Research | Chemistry |
| 28:51 | Create | Chu Ko Nu |
| 28:51 | Create | Chu Ko Nu |
| 28:51 | Create | Chu Ko Nu |
| 29:36 | Create | Chu Ko Nu |
| 29:36 | Create | Chu Ko Nu |
| 29:37 | Create | Villager (Male) |
| 29:37 | Create | Villager (Male) |
| 29:37 | Create | Villager (Male) |
| 29:38 | Create | Villager (Male) |
| 30:17 | Create | Chu Ko Nu |
Build order — 张世豪
First 150 of 329 actions detected
| 0:01 | Create | Villager (Male) |
| 0:01 | Create | Villager (Male) |
| 0:02 | Build | House |
| 0:05 | Build | House |
| 0:06 | Create | Villager (Male) |
| 0:31 | Create | Villager (Male) |
| 1:33 | Create | Villager (Male) |
| 1:54 | Create | Villager (Male) |
| 2:13 | Build | Lumber Camp |
| 2:22 | Create | Villager (Male) |
| 2:59 | Create | Villager (Male) |
| 2:59 | Create | Villager (Male) |
| 3:29 | Create | Villager (Male) |
| 3:29 | Create | Villager (Male) |
| 3:52 | Build | House |
| 4:21 | Create | Villager (Male) |
| 4:22 | Create | Villager (Male) |
| 4:38 | Build | Mill |
| 4:39 | Create | Villager (Male) |
| 4:44 | Build | House |
| 5:11 | Create | Villager (Male) |
| 5:29 | Create | Villager (Male) |
| 5:48 | Create | Villager (Male) |
| 6:40 | Create | Villager (Male) |
| 7:07 | Create | Villager (Male) |
| 7:33 | Create | Villager (Male) |
| 7:33 | Create | Villager (Male) |
| 8:37 | Research | Feudal Age |
| 8:41 | Build | Mining Camp |
| 10:00 | Build | House |
| 10:09 | Create | Villager (Male) |
| 10:10 | Create | Villager (Male) |
| 10:47 | Create | Villager (Male) |
| 10:59 | Age | Feudal Age |
| 11:05 | Build | Market |
| 11:09 | Build | Blacksmith |
| 11:12 | Research | Double-Bit Axe |
| 11:34 | Build | House |
| 11:42 | Build | Farm |
| 12:04 | Build | Farm |
| 12:11 | Research | Castle Age |
| 12:11 | Research | Castle Age |
| 12:19 | Research | Horse Collar |
| 12:31 | Build | Farm |
| 12:40 | Create | Villager (Male) |
| 12:55 | Build | Farm |
| 12:59 | Create | Villager (Male) |
| 13:16 | Build | Farm |
| 13:21 | Build | Farm |
| 13:23 | Create | Villager (Male) |
| 14:14 | Build | Farm |
| 14:51 | Age | Castle Age |
| 14:56 | Build | Town Center |
| 15:07 | Create | Villager (Male) |
| 15:11 | Build | Town Center |
| 15:16 | Create | Villager (Male) |
| 15:17 | Research | Bow Saw |
| 15:39 | Create | Villager (Male) |
| 15:47 | Build | Farm |
| 15:53 | Research | Heavy Plow |
| 15:55 | Create | Villager (Male) |
| 16:31 | Build | Farm |
| 16:34 | Build | Farm |
| 16:36 | Create | Villager (Male) |
| 16:43 | Create | Villager (Male) |
| 16:43 | Create | Villager (Male) |
| 16:53 | Create | Villager (Male) |
| 17:01 | Build | Farm |
| 17:10 | Build | Farm |
| 17:16 | Build | Farm |
| 17:17 | Build | Farm |
| 17:20 | Create | Villager (Male) |
| 17:20 | Create | Villager (Male) |
| 17:26 | Build | Farm |
| 17:28 | Create | Villager (Male) |
| 17:39 | Build | House |
| 17:41 | Build | House |
| 17:54 | Build | Farm |
| 18:05 | Create | Villager (Male) |
| 18:11 | Build | Farm |
| 18:13 | Create | Villager (Male) |
| 18:17 | Create | Villager (Male) |
| 18:21 | Create | Villager (Male) |
| 18:25 | Build | Monastery |
| 18:27 | Create | Villager (Male) |
| 18:33 | Build | Farm |
| 18:35 | Create | Villager (Male) |
| 18:38 | Build | Farm |
| 18:49 | Create | Villager (Male) |
| 19:02 | Build | Farm |
| 19:04 | Create | Villager (Male) |
| 19:09 | Create | Villager (Male) |
| 19:22 | Create | Villager (Male) |
| 19:25 | Create | Monk |
| 19:33 | Build | Town Center |
| 19:36 | Research | Wheelbarrow |
| 19:42 | Build | Farm |
| 19:51 | Build | House |
| 19:53 | Create | Villager (Male) |
| 20:15 | Create | Villager (Male) |
| 20:18 | Create | Villager (Male) |
| 20:26 | Create | Villager (Male) |
| 20:31 | Build | Farm |
| 20:34 | Build | House |
| 20:36 | Build | House |
| 20:38 | Create | Villager (Male) |
| 20:42 | Build | Farm |
| 20:44 | Create | Villager (Male) |
| 20:49 | Build | Farm |
| 20:55 | Build | Farm |
| 20:57 | Create | Villager (Male) |
| 21:06 | Create | Villager (Male) |
| 21:06 | Create | Villager (Male) |
| 21:12 | Create | Villager (Male) |
| 21:19 | Build | Farm |
| 21:21 | Create | Villager (Male) |
| 21:24 | Create | Villager (Male) |
| 21:25 | Create | Villager (Male) |
| 21:25 | Create | Villager (Male) |
| 21:33 | Build | Farm |
| 21:37 | Create | Villager (Male) |
| 21:43 | Build | Farm |
| 21:46 | Build | Farm |
| 21:54 | Create | Villager (Male) |
| 21:55 | Research | Gold Mining |
| 21:56 | Create | Villager (Male) |
| 22:00 | Create | Villager (Male) |
| 22:02 | Create | Villager (Male) |
| 22:30 | Research | Hand Cart |
| 22:32 | Create | Villager (Male) |
| 22:37 | Create | Villager (Male) |
| 22:40 | Build | House |
| 22:41 | Create | Villager (Male) |
| 22:45 | Build | Farm |
| 22:47 | Build | Farm |
| 22:53 | Create | Villager (Male) |
| 22:59 | Build | Farm |
| 23:08 | Create | Villager (Male) |
| 23:17 | Build | House |
| 23:36 | Create | Monk |
| 23:44 | Create | Villager (Male) |
| 23:48 | Build | Farm |
| 24:21 | Create | Villager (Male) |
| 24:24 | Build | House |
| 24:44 | Build | University |
| 24:45 | Build | House |
| 24:46 | Build | House |
| 24:51 | Create | Villager (Male) |
| 24:55 | Research | Gold Shaft Mining |
| 24:58 | Research | Stone Mining |
Build order — 嘎逼
First 150 of 340 actions detected
| 0:00 | Create | Villager (Male) ×4 |
| 0:02 | Build | House |
| 0:05 | Build | House |
| 1:35 | Create | Villager (Male) |
| 1:54 | Create | Villager (Male) |
| 2:10 | Build | Lumber Camp |
| 2:26 | Create | Villager (Male) |
| 2:41 | Create | Villager (Male) |
| 2:41 | Create | Villager (Male) |
| 2:42 | Create | Villager (Male) |
| 3:34 | Create | Villager (Male) |
| 3:51 | Create | Villager (Male) |
| 3:51 | Create | Villager (Male) |
| 4:00 | Build | House |
| 4:01 | Build | House |
| 4:02 | Build | House |
| 4:34 | Create | Villager (Male) |
| 4:35 | Create | Villager (Male) |
| 4:51 | Create | Villager (Male) |
| 4:51 | Create | Villager (Male) |
| 5:04 | Build | Mill |
| 5:24 | Create | Villager (Male) |
| 6:05 | Create | Villager (Male) |
| 6:05 | Create | Villager (Male) |
| 6:39 | Build | Mining Camp |
| 6:47 | Create | Villager (Male) |
| 7:48 | Research | Feudal Age |
| 7:48 | Research | Feudal Age |
| 8:42 | Build | Farm |
| 8:44 | Build | Farm |
| 8:49 | Build | Farm |
| 9:38 | Build | Farm |
| 9:58 | Age | Feudal Age |
| 9:59 | Create | Villager (Male) |
| 10:38 | Research | Castle Age |
| 11:10 | Research | Double-Bit Axe |
| 11:40 | Research | Horse Collar |
| 13:18 | Age | Castle Age |
| 13:20 | Build | Town Center |
| 13:22 | Build | Town Center |
| 13:33 | Create | Villager (Male) |
| 13:34 | Create | Villager (Male) |
| 13:50 | Build | House |
| 14:08 | Create | Villager (Male) |
| 14:11 | Create | Villager (Male) |
| 14:40 | Create | Villager (Male) |
| 14:42 | Create | Villager (Male) |
| 14:52 | Build | Monastery |
| 14:59 | Create | Villager (Male) |
| 14:59 | Create | Villager (Male) |
| 14:59 | Create | Villager (Male) |
| 14:59 | Create | Villager (Male) |
| 15:07 | Build | Farm |
| 15:23 | Create | Villager (Male) |
| 15:23 | Create | Villager (Male) |
| 15:26 | Build | Farm |
| 15:37 | Create | Villager (Male) |
| 15:37 | Create | Villager (Male) |
| 15:40 | Build | House |
| 15:41 | Create | Monk |
| 15:46 | Build | Farm |
| 15:47 | Build | Farm |
| 15:47 | Build | Farm |
| 15:54 | Create | Villager (Male) |
| 15:54 | Create | Villager (Male) |
| 16:00 | Build | Farm |
| 16:13 | Build | Farm |
| 16:18 | Create | Villager (Male) |
| 16:18 | Create | Villager (Male) |
| 16:25 | Build | Farm |
| 16:28 | Build | House |
| 16:29 | Create | Villager (Male) |
| 16:36 | Build | Farm |
| 16:49 | Create | Villager (Male) ×2 |
| 16:59 | Build | Farm |
| 17:00 | Build | Farm |
| 17:03 | Build | Farm |
| 17:04 | Create | Villager (Male) |
| 17:07 | Create | Villager (Male) |
| 17:07 | Create | Villager (Male) |
| 17:09 | Build | House |
| 17:11 | Build | Farm |
| 17:27 | Create | Villager (Male) |
| 17:27 | Create | Villager (Male) |
| 17:30 | Build | Farm |
| 17:31 | Build | Farm |
| 17:37 | Build | House |
| 17:39 | Create | Villager (Male) |
| 17:41 | Build | Farm |
| 17:57 | Create | Villager (Male) |
| 17:58 | Create | Villager (Male) |
| 17:58 | Create | Villager (Male) |
| 18:01 | Build | Farm |
| 18:03 | Build | Farm |
| 18:10 | Create | Villager (Male) |
| 18:15 | Build | House |
| 18:24 | Research | Wheelbarrow |
| 18:30 | Build | Farm |
| 18:30 | Build | Farm |
| 18:31 | Create | Villager (Male) |
| 18:37 | Build | Farm |
| 18:41 | Build | Farm |
| 18:41 | Create | Villager (Male) |
| 18:49 | Create | Villager (Male) |
| 19:12 | Build | Town Center |
| 19:16 | Create | Villager (Male) ×5 |
| 19:20 | Build | Farm |
| 19:23 | Build | Farm |
| 19:30 | Build | House |
| 19:33 | Build | House |
| 19:34 | Create | Villager (Male) |
| 19:51 | Create | Villager (Male) |
| 19:52 | Create | Villager (Male) |
| 19:54 | Research | Bow Saw |
| 20:06 | Create | Villager (Male) |
| 20:06 | Create | Villager (Male) |
| 20:07 | Create | Villager (Male) |
| 20:07 | Create | Villager (Male) |
| 20:14 | Build | House |
| 20:17 | Research | Heavy Plow |
| 20:22 | Build | Farm |
| 20:28 | Build | Farm |
| 20:37 | Build | Farm |
| 20:38 | Create | Villager (Male) |
| 20:38 | Create | Villager (Male) |
| 20:38 | Create | Villager (Male) |
| 20:38 | Create | Villager (Male) |
| 20:38 | Create | Villager (Male) |
| 20:52 | Build | Farm |
| 20:53 | Create | Villager (Male) |
| 21:14 | Create | Monk |
| 21:16 | Create | Villager (Male) |
| 21:16 | Create | Villager (Male) |
| 21:16 | Create | Villager (Male) |
| 21:28 | Create | Villager (Male) |
| 21:28 | Create | Villager (Male) |
| 21:41 | Create | Villager (Male) |
| 21:52 | Create | Villager (Male) |
| 21:52 | Create | Villager (Male) |
| 22:09 | Create | Villager (Male) |
| 22:09 | Create | Villager (Male) |
| 22:09 | Create | Villager (Male) |
| 22:14 | Create | Villager (Male) |
| 22:19 | Build | Town Center |
| 22:23 | Create | Villager (Male) |
| 22:39 | Create | Villager (Male) |
| 22:40 | Create | Villager (Male) |
| 22:47 | Build | Farm |
| 22:48 | Build | Farm |
| 22:49 | Build | Farm |
Build order — 結城結弦
First 150 of 268 actions detected
| 0:01 | Create | Villager (Male) |
| 0:01 | Create | Villager (Male) |
| 0:02 | Build | House |
| 0:06 | Build | House |
| 0:15 | Create | Villager (Male) |
| 0:15 | Create | Villager (Male) |
| 1:27 | Create | Villager (Male) |
| 1:49 | Create | Villager (Male) |
| 1:55 | Build | Lumber Camp |
| 2:26 | Create | Villager (Male) |
| 2:39 | Create | Villager (Male) |
| 3:16 | Create | Villager (Male) |
| 3:16 | Create | Villager (Male) |
| 3:18 | Build | House |
| 3:40 | Build | House |
| 3:42 | Create | Villager (Male) |
| 3:59 | Create | Villager (Male) |
| 4:18 | Build | House |
| 4:34 | Create | Villager (Male) |
| 4:34 | Create | Villager (Male) |
| 5:11 | Create | Villager (Male) |
| 5:11 | Create | Villager (Male) |
| 5:12 | Create | Villager (Male) |
| 5:28 | Create | Villager (Male) |
| 5:39 | Build | Mill |
| 6:20 | Create | Villager (Male) |
| 6:21 | Create | Villager (Male) |
| 6:34 | Build | Farm |
| 6:35 | Create | Villager (Male) |
| 6:54 | Build | Farm |
| 7:00 | Build | Mining Camp |
| 7:18 | Create | Villager (Male) |
| 7:48 | Build | Lumber Camp |
| 8:28 | Build | Farm |
| 8:29 | Create | Villager (Male) |
| 8:52 | Create | Villager (Male) |
| 9:11 | Research | Feudal Age |
| 9:16 | Build | Mining Camp |
| 10:39 | Create | Villager (Male) |
| 11:46 | Age | Feudal Age |
| 11:50 | Build | Blacksmith |
| 11:54 | Build | Market |
| 11:57 | Create | Villager (Male) |
| 12:38 | Create | Villager (Male) |
| 12:47 | Build | House |
| 12:57 | Research | Castle Age |
| 12:57 | Research | Castle Age |
| 12:59 | Research | Double-Bit Axe |
| 12:59 | Research | Double-Bit Axe |
| 13:02 | Research | Horse Collar |
| 13:44 | Create | Villager (Male) |
| 14:24 | Create | Villager (Male) |
| 15:25 | Build | Farm |
| 15:26 | Build | Farm |
| 15:43 | Age | Castle Age |
| 15:44 | Create | Villager (Male) |
| 15:46 | Research | Bow Saw |
| 15:52 | Build | Monastery |
| 16:00 | Create | Villager (Male) |
| 16:03 | Build | Town Center |
| 16:14 | Build | Farm |
| 16:25 | Build | Town Center |
| 16:31 | Create | Monk |
| 16:44 | Create | Villager (Male) |
| 17:02 | Build | Farm |
| 17:10 | Create | Villager (Male) |
| 17:32 | Create | Villager (Male) |
| 17:32 | Create | Villager (Male) |
| 17:34 | Build | Farm |
| 17:38 | Build | Farm |
| 17:43 | Build | Farm |
| 17:45 | Create | Villager (Male) |
| 17:46 | Create | Villager (Male) |
| 17:47 | Build | Farm |
| 17:51 | Build | Farm |
| 17:58 | Build | Farm |
| 18:07 | Build | Castle |
| 18:09 | Create | Villager (Male) |
| 18:19 | Create | Villager (Male) |
| 18:21 | Build | Farm |
| 18:30 | Build | Farm |
| 18:33 | Build | Farm |
| 18:38 | Create | Villager (Male) |
| 18:41 | Create | Villager (Male) |
| 18:46 | Build | Farm |
| 18:49 | Build | Farm |
| 19:05 | Create | Villager (Male) |
| 19:10 | Build | House |
| 19:26 | Create | Villager (Male) |
| 19:27 | Create | Villager (Male) |
| 19:28 | Create | Villager (Male) |
| 19:40 | Create | Villager (Male) |
| 19:45 | Build | Farm |
| 19:45 | Build | Farm |
| 19:47 | Create | Villager (Male) |
| 19:50 | Build | Farm |
| 19:51 | Create | Villager (Male) |
| 20:02 | Build | Town Center |
| 20:05 | Create | Villager (Male) |
| 20:12 | Create | Villager (Male) |
| 20:20 | Create | Villager (Male) |
| 20:25 | Build | Farm |
| 20:29 | Create | Villager (Male) |
| 20:33 | Build | Farm |
| 21:49 | Create | Villager (Male) |
| 21:49 | Create | Villager (Male) |
| 21:49 | Create | Villager (Male) |
| 21:51 | Create | Villager (Male) |
| 21:52 | Create | Villager (Male) |
| 21:52 | Create | Villager (Male) |
| 21:54 | Build | Farm |
| 21:55 | Build | Farm |
| 21:56 | Build | Farm |
| 21:59 | Create | Villager (Male) |
| 22:05 | Create | Villager (Male) |
| 22:05 | Create | Villager (Male) |
| 22:21 | Research | Wheelbarrow |
| 22:22 | Research | Loom |
| 22:22 | Research | Loom |
| 22:23 | Research | Town Watch |
| 22:25 | Create | Mangudai |
| 22:26 | Create | Mangudai |
| 22:26 | Create | Mangudai |
| 22:32 | Research | Gold Mining |
| 22:34 | Create | Villager (Male) |
| 22:35 | Create | Villager (Male) |
| 22:44 | Build | Farm |
| 22:45 | Create | Villager (Male) |
| 22:51 | Create | Villager (Male) |
| 22:58 | Build | Mill |
| 22:59 | Build | Farm |
| 23:00 | Build | Farm |
| 23:01 | Build | Farm |
| 23:02 | Build | Farm |
| 23:04 | Create | Villager (Male) |
| 23:12 | Build | Mining Camp |
| 23:18 | Create | Villager (Male) |
| 23:20 | Create | Villager (Male) |
| 23:21 | Create | Villager (Male) |
| 23:54 | Create | Villager (Male) |
| 24:02 | Create | Villager (Male) |
| 24:06 | Create | Villager (Male) |
| 24:06 | Create | Villager (Male) |
| 24:06 | Create | Villager (Male) |
| 24:06 | Create | Villager (Male) |
| 24:07 | Create | Villager (Male) |
| 24:29 | Research | Fletching |
| 24:39 | Build | University |
| 24:41 | Build | House |
| 24:43 | Build | House |
Build order — 杨吉光
First 150 of 261 actions detected
| 0:01 | Create | Villager (Male) |
| 0:01 | Create | Villager (Male) |
| 0:01 | Create | Villager (Male) |
| 0:02 | Create | Villager (Male) |
| 0:04 | Build | House |
| 0:04 | Build | House |
| 0:06 | Build | House |
| 1:28 | Create | Villager (Male) |
| 2:03 | Create | Villager (Male) |
| 2:32 | Create | Villager (Male) |
| 2:54 | Create | Villager (Male) |
| 3:06 | Create | Villager (Male) |
| 3:42 | Create | Villager (Male) |
| 4:00 | Create | Villager (Male) |
| 4:17 | Create | Villager (Male) |
| 4:43 | Build | Lumber Camp |
| 5:02 | Create | Villager (Male) |
| 5:02 | Create | Villager (Male) |
| 5:51 | Create | Villager (Male) |
| 5:52 | Create | Villager (Male) |
| 5:52 | Create | Villager (Male) |
| 5:52 | Create | Villager (Male) |
| 6:08 | Build | House |
| 7:31 | Create | Villager (Male) |
| 7:32 | Create | Villager (Male) |
| 7:52 | Create | Villager (Male) |
| 8:25 | Build | Mining Camp |
| 8:49 | Create | Villager (Male) |
| 9:09 | Research | Feudal Age |
| 9:24 | Build | Mill |
| 9:40 | Build | House |
| 10:30 | Build | Farm |
| 10:33 | Build | Farm |
| 11:09 | Create | Villager (Male) |
| 11:09 | Create | Villager (Male) |
| 11:24 | Age | Feudal Age |
| 11:27 | Build | Market |
| 11:37 | Build | Blacksmith |
| 11:52 | Build | Farm |
| 12:22 | Research | Castle Age |
| 12:28 | Build | Lumber Camp |
| 13:00 | Research | Double-Bit Axe |
| 13:29 | Build | House |
| 13:30 | Build | House |
| 14:00 | Research | Horse Collar |
| 14:08 | Build | Farm |
| 14:13 | Build | Farm |
| 15:02 | Age | Castle Age |
| 15:05 | Create | Villager (Male) |
| 15:16 | Build | Town Center |
| 15:22 | Build | Town Center |
| 15:30 | Create | Villager (Male) |
| 15:35 | Build | Farm |
| 15:38 | Create | Villager (Male) |
| 16:04 | Research | Bow Saw |
| 16:24 | Create | Villager (Male) |
| 16:28 | Build | Farm |
| 16:34 | Create | Villager (Male) |
| 16:46 | Create | Villager (Male) |
| 16:46 | Create | Villager (Male) |
| 16:50 | Build | Farm |
| 16:51 | Build | Farm |
| 16:56 | Build | Farm |
| 16:57 | Create | Villager (Male) |
| 17:04 | Build | Farm |
| 17:05 | Build | Farm |
| 17:13 | Create | Villager (Male) |
| 17:19 | Build | Farm |
| 17:36 | Build | Farm |
| 17:49 | Build | Farm |
| 17:51 | Create | Villager (Male) |
| 17:51 | Create | Villager (Male) |
| 17:51 | Create | Villager (Male) |
| 18:06 | Create | Villager (Male) |
| 18:07 | Create | Villager (Male) |
| 18:16 | Create | Villager (Male) |
| 18:16 | Create | Villager (Male) |
| 18:24 | Build | House |
| 18:25 | Build | House |
| 18:28 | Create | Villager (Male) |
| 18:28 | Create | Villager (Male) |
| 18:31 | Build | Farm |
| 18:34 | Build | Farm |
| 18:37 | Build | Farm |
| 18:42 | Build | Farm |
| 18:42 | Create | Villager (Male) |
| 18:55 | Create | Villager (Male) |
| 18:56 | Create | Villager (Male) |
| 19:08 | Build | House |
| 19:10 | Create | Villager (Male) |
| 19:11 | Create | Villager (Male) |
| 19:18 | Build | Farm |
| 19:19 | Build | Farm |
| 19:21 | Create | Villager (Male) |
| 19:28 | Create | Villager (Male) |
| 19:28 | Create | Villager (Male) |
| 19:30 | Build | Farm |
| 19:39 | Build | Farm |
| 19:40 | Create | Villager (Male) |
| 19:40 | Create | Villager (Male) |
| 19:50 | Create | Villager (Male) |
| 19:51 | Create | Villager (Male) |
| 19:56 | Create | Villager (Male) |
| 19:57 | Create | Villager (Male) |
| 20:00 | Build | Farm |
| 20:03 | Build | Farm |
| 20:11 | Build | Farm |
| 20:11 | Create | Villager (Male) |
| 20:12 | Create | Villager (Male) |
| 20:27 | Create | Villager (Male) |
| 20:28 | Create | Villager (Male) |
| 20:28 | Create | Villager (Male) |
| 20:42 | Create | Villager (Male) |
| 20:43 | Create | Villager (Male) |
| 20:43 | Create | Villager (Male) |
| 20:46 | Build | Farm |
| 20:49 | Build | Farm |
| 20:50 | Create | Villager (Male) |
| 21:05 | Build | Monastery |
| 21:07 | Create | Villager (Male) |
| 21:07 | Create | Villager (Male) |
| 21:07 | Create | Villager (Male) |
| 21:16 | Build | Farm |
| 21:19 | Build | Farm |
| 21:29 | Create | Villager (Male) |
| 21:29 | Create | Villager (Male) |
| 21:30 | Create | Villager (Male) |
| 21:35 | Build | Siege Workshop |
| 21:42 | Build | Stone Wall |
| 21:44 | Build | Stone Wall |
| 21:52 | Build | House |
| 21:53 | Build | Stone Wall |
| 21:56 | Create | Monk |
| 21:58 | Create | Villager (Male) |
| 21:59 | Create | Villager (Male) |
| 21:59 | Create | Villager (Male) |
| 21:59 | Create | Villager (Male) |
| 22:12 | Create | Mangonel |
| 22:17 | Build | House |
| 22:31 | Create | Villager (Male) |
| 22:31 | Create | Villager (Male) |
| 22:38 | Research | Wheelbarrow |
| 23:01 | Build | Stone Wall |
| 23:21 | Build | Farm |
| 23:22 | Create | Villager (Male) |
| 23:22 | Create | Villager (Male) |
| 23:23 | Create | Villager (Male) |
| 23:25 | Build | Mining Camp |
| 23:35 | Create | Villager (Male) |
| 23:35 | Create | Villager (Male) |
Build order — DOTA只玩陈
First 150 of 241 actions detected
| 0:01 | Create | Villager (Male) |
| 0:02 | Create | Villager (Male) |
| 0:02 | Create | Villager (Male) |
| 0:03 | Build | House |
| 0:04 | Build | House |
| 0:29 | Create | Villager (Male) |
| 0:29 | Create | Villager (Male) |
| 1:37 | Create | Villager (Male) |
| 1:37 | Create | Villager (Male) |
| 2:01 | Create | Villager (Male) |
| 2:29 | Create | Villager (Male) |
| 2:29 | Create | Villager (Male) |
| 2:29 | Create | Villager (Male) |
| 2:30 | Create | Villager (Male) |
| 2:42 | Build | House |
| 2:45 | Build | Lumber Camp |
| 2:50 | Create | Villager (Male) |
| 2:50 | Create | Villager (Male) |
| 3:46 | Build | Mining Camp |
| 3:51 | Create | Villager (Male) |
| 4:20 | Create | Villager (Male) |
| 4:22 | Research | Loom |
| 5:11 | Research | Feudal Age |
| 5:11 | Research | Feudal Age |
| 7:06 | Build | Palisade Wall |
| 7:21 | Age | Feudal Age |
| 7:28 | Build | Watch Tower |
| 7:29 | Create | Villager (Male) |
| 7:38 | Research | Stone Mining |
| 7:44 | Build | Blacksmith |
| 7:58 | Create | Villager (Male) |
| 7:58 | Create | Villager (Male) |
| 7:58 | Create | Villager (Male) |
| 8:30 | Build | Watch Tower |
| 8:33 | Create | Villager (Male) |
| 8:37 | Research | Fletching |
| 8:37 | Research | Fletching |
| 9:12 | Build | House |
| 9:42 | Create | Villager (Male) |
| 9:42 | Create | Villager (Male) |
| 10:06 | Build | Watch Tower |
| 10:27 | Create | Villager (Male) |
| 10:28 | Create | Villager (Male) |
| 10:34 | Build | House |
| 10:52 | Create | Villager (Male) |
| 10:52 | Create | Villager (Male) |
| 11:22 | Create | Villager (Male) |
| 11:47 | Create | Villager (Male) |
| 11:48 | Create | Villager (Male) |
| 12:52 | Create | Villager (Male) |
| 12:52 | Create | Villager (Male) |
| 13:35 | Build | Watch Tower |
| 14:14 | Create | Villager (Male) |
| 14:14 | Create | Villager (Male) |
| 14:32 | Create | Villager (Male) |
| 14:32 | Create | Villager (Male) |
| 14:49 | Create | Villager (Male) |
| 15:38 | Create | Villager (Male) |
| 15:38 | Create | Villager (Male) |
| 16:03 | Create | Villager (Male) |
| 16:03 | Create | Villager (Male) |
| 16:09 | Build | Mill |
| 16:47 | Build | Palisade Wall |
| 16:49 | Build | Palisade Wall |
| 17:07 | Build | Watch Tower |
| 17:18 | Create | Villager (Male) |
| 17:44 | Build | Farm |
| 17:44 | Build | Farm |
| 17:44 | Build | Farm |
| 17:44 | Build | Farm |
| 17:45 | Build | Farm |
| 17:45 | Build | Farm |
| 18:02 | Build | Watch Tower |
| 18:28 | Create | Villager (Male) |
| 18:29 | Create | Villager (Male) |
| 19:04 | Build | Watch Tower |
| 19:11 | Build | Watch Tower |
| 19:18 | Research | Town Watch |
| 19:19 | Create | Villager (Male) |
| 19:21 | Build | Farm |
| 19:45 | Build | Outpost |
| 19:50 | Build | Palisade Wall |
| 19:52 | Build | Palisade Wall |
| 19:53 | Build | Palisade Wall |
| 19:54 | Build | Palisade Wall |
| 19:59 | Create | Villager (Male) |
| 20:00 | Create | Villager (Male) |
| 20:13 | Build | Watch Tower |
| 20:18 | Create | Villager (Male) |
| 20:22 | Build | House |
| 20:32 | Build | House |
| 20:47 | Build | Outpost |
| 20:55 | Build | Outpost |
| 20:57 | Create | Villager (Male) |
| 21:10 | Create | Villager (Male) |
| 21:14 | Build | Watch Tower |
| 21:33 | Create | Villager (Male) |
| 21:40 | Create | Villager (Male) |
| 21:52 | Create | Villager (Male) |
| 21:52 | Create | Villager (Male) |
| 21:55 | Build | Watch Tower |
| 22:01 | Create | Villager (Male) |
| 22:12 | Build | Mining Camp |
| 22:27 | Build | Building 490 |
| 22:37 | Build | Watch Tower |
| 22:44 | Build | House |
| 23:15 | Build | House |
| 23:20 | Create | Villager (Male) |
| 23:28 | Create | Villager (Male) |
| 23:29 | Create | Villager (Male) |
| 23:31 | Create | Villager (Male) |
| 23:33 | Build | Farm |
| 23:37 | Create | Villager (Male) |
| 24:10 | Create | Villager (Male) |
| 24:17 | Build | House |
| 24:39 | Create | Villager (Male) |
| 24:39 | Create | Villager (Male) |
| 24:41 | Create | Villager (Male) |
| 24:41 | Create | Villager (Male) |
| 24:41 | Create | Villager (Male) |
| 24:41 | Create | Villager (Male) |
| 24:44 | Build | Farm |
| 24:45 | Build | Farm |
| 24:50 | Build | Farm |
| 25:04 | Create | Villager (Male) |
| 25:09 | Build | Mining Camp |
| 25:22 | Build | House |
| 25:24 | Build | House |
| 25:28 | Create | Villager (Male) |
| 25:51 | Create | Villager (Male) |
| 26:07 | Build | Building 665 |
| 26:16 | Research | Double-Bit Axe |
| 26:17 | Research | Double-Bit Axe |
| 26:18 | Create | Villager (Male) |
| 26:28 | Build | Farm |
| 26:28 | Build | Farm |
| 26:29 | Build | Farm |
| 26:29 | Build | Farm |
| 26:29 | Build | Farm |
| 26:30 | Build | Farm |
| 26:30 | Build | Farm |
| 26:36 | Create | Villager (Male) |
| 26:45 | Research | Stone Mining |
| 26:46 | Research | Stone Mining |
| 26:57 | Build | Farm |
| 27:25 | Build | Market |
| 27:37 | Build | Farm |
| 27:37 | Build | Farm |
| 28:04 | Build | Farm |
| 28:10 | Build | Farm |
Build order — chase kong
First 150 of 151 actions detected
| 0:00 | Create | Villager (Male) |
| 0:01 | Create | Villager (Male) |
| 0:02 | Build | House |
| 0:03 | Build | House |
| 0:36 | Create | Villager (Male) |
| 0:36 | Create | Villager (Male) |
| 0:36 | Create | Villager (Male) |
| 1:54 | Create | Villager (Male) |
| 1:55 | Create | Villager (Male) |
| 2:27 | Create | Villager (Male) |
| 2:54 | Build | Lumber Camp |
| 2:54 | Create | Villager (Male) |
| 3:27 | Create | Villager (Male) |
| 4:04 | Build | House |
| 4:12 | Create | Villager (Male) |
| 4:12 | Create | Villager (Male) |
| 4:34 | Create | Villager (Male) |
| 4:48 | Create | Villager (Male) |
| 4:48 | Create | Villager (Male) |
| 5:26 | Create | Villager (Male) |
| 6:09 | Build | Mining Camp |
| 6:17 | Build | Mill |
| 6:39 | Research | Loom |
| 6:39 | Research | Loom |
| 7:17 | Research | Feudal Age |
| 7:18 | Research | Feudal Age |
| 7:45 | Build | Palisade Gate |
| 8:04 | Build | Palisade Wall |
| 8:07 | Build | Palisade Wall |
| 8:08 | Build | Palisade Wall |
| 8:22 | Build | Palisade Wall |
| 8:28 | Build | Building 800 |
| 8:49 | Build | Palisade Wall |
| 8:49 | Create | Villager (Male) |
| 9:20 | Build | Palisade Gate |
| 9:23 | Build | Palisade Gate |
| 9:27 | Age | Feudal Age |
| 9:33 | Create | Villager (Male) |
| 9:34 | Create | Villager (Male) |
| 9:37 | Build | Watch Tower |
| 9:55 | Create | Villager (Male) |
| 9:56 | Build | House |
| 10:12 | Build | Palisade Wall |
| 10:15 | Build | Building 665 |
| 10:18 | Build | Building 487 |
| 10:22 | Build | Building 490 |
| 10:30 | Build | House |
| 10:30 | Create | Villager (Male) |
| 11:34 | Create | Villager (Male) |
| 11:34 | Create | Villager (Male) |
| 11:43 | Build | Blacksmith |
| 12:42 | Create | Villager (Male) |
| 13:27 | Build | Palisade Gate |
| 13:29 | Build | Palisade Gate |
| 14:27 | Create | Villager (Male) |
| 14:28 | Create | Villager (Male) |
| 15:04 | Build | Palisade Wall |
| 15:36 | Create | Villager (Male) |
| 15:36 | Create | Villager (Male) |
| 15:36 | Create | Villager (Male) |
| 16:03 | Create | Villager (Male) |
| 16:03 | Create | Villager (Male) |
| 16:17 | Create | Villager (Male) |
| 16:48 | Create | Villager (Male) |
| 17:06 | Build | House |
| 17:21 | Create | Villager (Male) |
| 17:23 | Create | Villager (Male) |
| 17:40 | Create | Villager (Male) |
| 17:41 | Create | Villager (Male) |
| 17:47 | Build | Mining Camp |
| 17:49 | Create | Villager (Male) |
| 17:52 | Build | Palisade Gate |
| 18:02 | Create | Villager (Male) |
| 20:14 | Create | Villager (Male) |
| 21:04 | Build | Lumber Camp |
| 21:05 | Create | Villager (Male) |
| 21:30 | Create | Villager (Male) |
| 21:31 | Create | Villager (Male) |
| 23:19 | Build | Palisade Wall |
| 23:21 | Build | Palisade Wall |
| 23:22 | Build | Palisade Wall |
| 23:24 | Build | Palisade Wall |
| 23:30 | Build | Palisade Wall |
| 23:32 | Build | Palisade Wall |
| 23:33 | Build | Palisade Wall |
| 23:39 | Build | Lumber Camp |
| 23:46 | Build | Stone Wall |
| 24:01 | Build | Stone Wall |
| 24:21 | Build | Watch Tower |
| 24:32 | Build | Stone Wall |
| 24:33 | Build | Stone Wall |
| 24:34 | Build | Stone Wall |
| 25:41 | Build | Town Center |
| 25:56 | Build | Mill |
| 26:43 | Build | Lumber Camp |
| 26:50 | Build | Mill |
| 27:05 | Build | Building 487 |
| 27:30 | Build | Farm |
| 27:31 | Build | Farm |
| 27:35 | Build | Farm |
| 27:36 | Build | Farm |
| 27:39 | Build | Farm |
| 27:50 | Build | Farm |
| 27:51 | Build | Farm |
| 27:51 | Build | Farm |
| 27:51 | Build | Farm |
| 28:17 | Build | Palisade Gate |
| 28:34 | Create | Villager (Male) |
| 28:46 | Build | Farm |
| 28:47 | Build | Farm |
| 28:51 | Build | Farm |
| 28:55 | Create | Villager (Male) |
| 29:07 | Build | Building 487 |
| 29:12 | Build | Stone Wall |
| 29:20 | Create | Villager (Male) |
| 29:59 | Build | Farm |
| 30:03 | Research | Double-Bit Axe |
| 30:04 | Research | Double-Bit Axe |
| 30:37 | Create | Villager (Male) |
| 30:38 | Create | Villager (Male) |
| 31:28 | Create | Villager (Male) |
| 31:40 | Build | House |
| 31:42 | Build | House |
| 31:44 | Build | House |
| 31:47 | Create | Villager (Male) |
| 32:22 | Build | Watch Tower |
| 32:54 | Build | Mill |
| 33:37 | Build | Town Center |
| 34:38 | Build | House |
| 34:54 | Create | Villager (Male) |
| 34:54 | Create | Villager (Male) |
| 34:56 | Create | Villager (Male) |
| 34:57 | Create | Villager (Male) |
| 35:06 | Build | Farm |
| 35:07 | Build | Farm |
| 35:09 | Build | Farm |
| 35:12 | Build | Farm |
| 35:14 | Build | Farm |
| 35:14 | Build | Farm |
| 35:15 | Build | Farm |
| 35:15 | Build | Farm |
| 35:16 | Create | Villager (Male) |
| 35:16 | Create | Villager (Male) |
| 36:01 | Build | Stone Wall |
| 36:05 | Build | Stone Wall |
| 36:08 | Build | Stone Wall |
| 36:12 | Build | Stone Wall |
| 36:13 | Build | Stone Wall |
| 36:17 | Build | Stone Wall |
| 36:19 | Build | Stone Wall |
Match timeline
| 7:06 | DOTA只玩陈 · wall_segment Palisade Wall x1 |
| 7:21 | DOTA只玩陈 · age_up feudal |
| 8:04 | chase kong · wall_segment Palisade Wall x1 |
| 8:07 | chase kong · wall_segment Palisade Wall x1 |
| 8:08 | chase kong · wall_segment Palisade Wall x1 |
| 8:22 | chase kong · wall_segment Palisade Wall x1 |
| 8:49 | chase kong · wall_segment Palisade Wall x1 |
| 9:07 | Di Dân Về Đau · age_up feudal |
| 9:27 | chase kong · age_up feudal |
| 9:58 | 嘎逼 · age_up feudal |
| 10:12 | chase kong · wall_segment Palisade Wall x1 |
| 10:59 | 张世豪 · age_up feudal |
| 11:02 | 黑石塔 · age_up feudal |
| 11:24 | 杨吉光 · age_up feudal |
| 11:46 | 結城結弦 · age_up feudal |
| 13:18 | 嘎逼 · age_up castle |
| 14:51 | 张世豪 · age_up castle |
| 14:52 | 嘎逼 · first_building Monastery |
| 14:57 | 黑石塔 · age_up castle |
| 15:02 | 杨吉光 · age_up castle |
| 15:04 | chase kong · wall_segment Palisade Wall x1 |
| 15:43 | 結城結弦 · age_up castle |
| 15:52 | 結城結弦 · first_building Monastery |
| 16:47 | DOTA只玩陈 · wall_segment Palisade Wall x1 |
| 16:49 | DOTA只玩陈 · wall_segment Palisade Wall x1 |
| 18:02 | Di Dân Về Đau · age_up castle |
| 18:07 | 結城結弦 · first_building Castle |
| 18:25 | 张世豪 · first_building Monastery |
| 19:31 | Di Dân Về Đau · first_market_sell 100 wood |
| 19:50 | DOTA只玩陈 · wall_segment Palisade Wall x1 |
| 19:52 | DOTA只玩陈 · wall_segment Palisade Wall x1 |
| 19:53 | DOTA只玩陈 · wall_segment Palisade Wall x1 |
| 19:54 | DOTA只玩陈 · wall_segment Palisade Wall x1 |
| 20:12 | Di Dân Về Đau · first_building Castle |
| 20:57 | Di Dân Về Đau · wall_segment Palisade Wall x1 |
| 21:05 | 杨吉光 · first_building Monastery |
| 21:31 | Di Dân Về Đau · first_building Siege Workshop |
| 21:32 | 杨吉光 · first_market_buy 100 wood |
| 21:35 | 杨吉光 · first_building Siege Workshop |
| 21:42 | 杨吉光 · wall_segment Stone Wall x2 |
| 21:44 | 杨吉光 · wall_segment Stone Wall x4 |
| 21:53 | 杨吉光 · wall_segment Stone Wall x2 |
| 22:00 | 黑石塔 · first_building Monastery |
| 23:01 | 杨吉光 · wall_segment Stone Wall x1 |
| 23:19 | chase kong · wall_segment Palisade Wall x1 |
| 23:21 | chase kong · wall_segment Palisade Wall x1 |
| 23:22 | chase kong · wall_segment Palisade Wall x1 |
| 23:24 | chase kong · wall_segment Palisade Wall x1 |
| 23:30 | chase kong · wall_segment Palisade Wall x1 |
| 23:32 | chase kong · wall_segment Palisade Wall x1 |
| 23:33 | chase kong · wall_segment Palisade Wall x1 |
| 23:46 | chase kong · wall_segment Stone Wall x1 |
| 24:01 | chase kong · wall_segment Stone Wall x1 |
| 24:27 | 张世豪 · first_market_sell 100 wood |
| 24:30 | Di Dân Về Đau · age_up imperial |
| 24:32 | chase kong · wall_segment Stone Wall x1 |
| 24:33 | chase kong · wall_segment Stone Wall x1 |
| 24:34 | chase kong · wall_segment Stone Wall x1 |
| 24:50 | 杨吉光 · first_building Castle |
| 24:56 | 黑石塔 · first_building Barracks |
| 25:04 | 杨吉光 · first_market_sell 100 food |
| 25:38 | 张世豪 · first_building Barracks |
| 25:43 | 嘎逼 · first_building Stable |
| 25:50 | 杨吉光 · wall_segment Stone Wall x6 |
| 25:51 | 杨吉光 · wall_segment Stone Wall x1 |
| 26:12 | 結城結弦 · first_building Barracks |
| 26:13 | 杨吉光 · wall_segment Stone Wall x1 |
| 26:16 | 杨吉光 · wall_segment Stone Wall x1 |
| 26:32 | 黑石塔 · first_building Archery Range |
| 26:36 | 嘎逼 · first_building Castle |
| 26:36 | 张世豪 · first_building Archery Range |
| 26:41 | 嘎逼 · age_up imperial |
| 26:48 | 张世豪 · first_building Stable |
| 26:53 | 結城結弦 · first_building Siege Workshop |
| 27:48 | 黑石塔 · age_up imperial |
| 28:08 | 黑石塔 · first_building Stable |
| 28:16 | 杨吉光 · age_up imperial |
| 28:18 | DOTA只玩陈 · first_market_buy 100 food |
| 28:21 | DOTA只玩陈 · first_market_sell 100 wood |
| 28:40 | 张世豪 · age_up imperial |
| 28:50 | 結城結弦 · age_up imperial |
| 29:07 | 結城結弦 · first_building Stable |
| 29:09 | 嘎逼 · first_market_buy 100 stone |
| 29:12 | chase kong · wall_segment Stone Wall x15 |
| 29:34 | 黑石塔 · first_building Siege Workshop |
| 30:13 | DOTA只玩陈 · first_building Barracks |
| 30:43 | 結城結弦 · first_market_buy 100 food |
| 30:46 | 結城結弦 · first_market_sell 100 stone |
| 31:00 | 张世豪 · tribute_sent a jugador 1 |
| 31:00 | 张世豪 · tribute_sent a jugador 3 |
| 31:00 | 张世豪 · tribute_sent a jugador 4 |
| 31:00 | 张世豪 · tribute_sent a jugador 5 |
| 31:00 | 张世豪 · tribute_sent a jugador 6 |
| 31:00 | 张世豪 · tribute_sent a jugador 7 |
| 31:00 | 张世豪 · tribute_sent a jugador 8 |
| 31:12 | DOTA只玩陈 · age_up castle |
| 31:25 | DOTA只玩陈 · first_building Castle |
| 31:38 | 黑石塔 · first_market_sell 500 wood |
| 31:45 | DOTA只玩陈 · first_building Siege Workshop |
| 32:00 | 黑石塔 · first_building Castle |
| 32:16 | 张世豪 · first_building Castle |
| 35:04 | 結城結弦 · first_building Archery Range |
| 36:01 | chase kong · wall_segment Stone Wall x1 |
| 36:05 | chase kong · wall_segment Stone Wall x1 |
| 36:08 | chase kong · wall_segment Stone Wall x1 |
| 36:12 | chase kong · wall_segment Stone Wall x1 |
| 36:13 | chase kong · wall_segment Stone Wall x1 |
| 36:17 | chase kong · wall_segment Stone Wall x1 |
| 36:19 | chase kong · wall_segment Stone Wall x1 |
| 36:22 | chase kong · wall_segment Stone Wall x1 |
| 36:24 | 結城結弦 · resign |
[ AI ANALYSIS · 1 CREDIT ]
What really happened in this match?
Wolo.gg analyzes every decision: build order, eco, micro, common mistakes by bracket. Personalized analysis on WhatsApp or Discord in 30 seconds.
Civ guide
Turks
Perfil
Jugador #333293